[Event "January 2 Late 2024"]
[Site "https://www.chess.com"]
[Date "2024.01.02"]
[Round "2"]
[White "Reinecke, Katharina"]
[Black "Perossa, Nicolas"]
[Result "1/2-1/2"]
[Board "236"]
[TimeControl "180+1"]
[WhiteFideId "12929727"]
[BlackFideId "2850520"]
[WhiteElo "2017"]
[BlackElo "2420"]
[WhiteTeam "GER"]
[BlackTeam "ITA"]
[WhiteClock "0:00:10"]
[BlackClock "0:00:05"]

1. d4 Nf6 2. Nf3 d6 3. c4 Bg4 4. g3 Bxf3 5. exf3 g6 6. Bg2 Bg7 7. O-O O-O 8. Nc3 Nc6 9. Be3 e5 10. d5 Ne7 11. f4 Nf5 12. fxe5 Nxe3 13. fxe3 dxe5 14. Qe2 Qd7 15. Rad1 Rae8 16. a3 h5 17. b4 Ng4 18. c5 f5 19. d6 c6 20. b5 e4 21. h3 Ne5 22. bxc6 Qxc6 23. Nd5 Qxc5 24. Nc7 Nd3 25. Nxe8 Rxe8 26. Rxd3 exd3 27. Qxd3 Kh7 28. Re1 Re6 29. d7 Bf6 30. d8=Q Bxd8 31. Qxd8 Rxe3 32. Rxe3 Qxe3+ 33. Kh2 Qxa3 34. Qd7+ Kh6 35. Qxb7 Qc5 36. Qa8 Kg7 37. Qb7+ Kh6 38. Qa8 Kg7 39. Qb7+ Kf6 40. Qh7 Qb6 41. Qh8+ Kf7 42. Qh7+ Kf8 43. Qh8+ Ke7 44. Qg7+ Kd8 45. Qf8+ Kd7 46. Qf7+ Kc8 47. Qe8+ Kc7 48. Qe7+ Kc8 49. Qe8+ Kc7 50. Qe7+ Kc8 51. Qe8+ 1/2-1/2

[Event "January 2 Late 2024"]
[Site "https://www.chess.com"]
[Date "2024.01.02"]
[Round "2"]
[White "Caglar, Sila"]
[Black "Winkels, Marcel"]
[Result "1-0"]
[Board "237"]
[TimeControl "180+1"]
[WhiteFideId "6364063"]
[BlackFideId "1003887"]
[WhiteElo "2418"]
[BlackElo "2014"]
[WhiteTeam "TUR"]
[BlackTeam "NED"]
[WhiteClock "0:00:03"]
[BlackClock "0:00:00"]

1. e4 c5 2. Nf3 d6 3. d3 g6 4. g3 Bg7 5. Bg2 e6 6. O-O Nc6 7. c3 Nge7 8. Nbd2 O-O 9. Re1 Rb8 10. h4 e5 11. Nf1 h6 12. Be3 f5 13. Qd2 Kh7 14. exf5 Nxf5 15. d4 cxd4 16. cxd4 Nxe3 17. fxe3 e4 18. N3h2 d5 19. a3 a5 20. Qe2 Qb6 21. Rec1 Be6 22. g4 a4 23. Rc5 Na5 24. Rb5 Qc7 25. Rc5 Qb6 26. Rb5 Qa6 27. Ng3 Rfc8 28. Rf1 Nc4 29. Rb4 Bf8 30. g5 Bxb4 31. axb4 Rf8 32. gxh6 Qb6 33. Ng4 Bf5 34. Ne5 Nxe5 35. dxe5 Qxb4 36. h5 Qe7 37. hxg6+ Bxg6 38. Qg4 Rxf1+ 39. Bxf1 Qxe5 40. Qd7+ Kh8 41. Ne2 Rf8 42. Nf4 Qf6 43. Qxd5 Bf5 44. Qxb7 Rg8+ 45. Bg2 Qg5 46. Qb6 Bh3 47. Qd4+ Kh7 48. Qxe4+ Kxh6 49. Nxh3 Qg3 50. Qe6+ Kh7 51. Qe4+ Kh8 52. Kh1 1-0

[Event "January 2 Late 2024"]
[Site "https://www.chess.com"]
[Date "2024.01.02"]
[Round "2"]
[White "Dmitriev, Sergey"]
[Black "Rees, Ioan"]
[Result "0-1"]
[Board "238"]
[TimeControl "180+1"]
[WhiteFideId "14101785"]
[BlackFideId "1801236"]
[WhiteElo "1986"]
[BlackElo "2418"]
[WhiteTeam "UKR"]
[BlackTeam "WLS"]
[WhiteClock "0:00:24"]
[BlackClock "0:00:54"]

1. e4 c6 2. Nf3 d5 3. exd5 cxd5 4. d4 Nc6 5. Bb5 Bg4 6. O-O e6 7. Re1 Bd6 8. c3 Ne7 9. Bg5 Qc7 10. h3 Bh5 11. Nbd2 O-O 12. Bd3 Rae8 13. Qb1 Bg6 14. Nh4 Bxd3 15. Qxd3 Bh2+ 16. Kf1 Bf4 17. Nhf3 Bxg5 18. Nxg5 Ng6 19. Qe3 b5 20. Ngf3 b4 21. Nb3 f6 22. Nc5 e5 23. Qd2 e4 24. Nh2 bxc3 25. bxc3 Qxh2 26. Ke2 Qxg2 27. Rg1 Qf3+ 28. Ke1 e3 29. Qd1 exf2+ 30. Kf1 fxg1=Q+ 31. Kxg1 Qg3+ 32. Kf1 Qxh3+ 33. Kg1 Qg3+ 34. Kf1 Nf4 35. Qd2 Re2 0-1

[Event "January 2 Late 2024"]
[Site "https://www.chess.com"]
[Date "2024.01.02"]
[Round "2"]
[White "Smirnov, Timofey"]
[Black "Blanco Diez, David"]
[Result "0-1"]
[Board "239"]
[TimeControl "180+1"]
[WhiteFideId "24176427"]
[BlackFideId "32032927"]
[WhiteElo "1986"]
[BlackElo "2414"]
[WhiteTeam "RUS"]
[BlackTeam "ESP"]
[WhiteClock "0:00:01"]
[BlackClock "0:01:17"]

1. d4 d5 2. Bf4 Nf6 3. e3 c5 4. c3 Nc6 5. Nd2 cxd4 6. exd4 Bf5 7. Ngf3 h6 8. h3 e6 9. Bb5 Bd6 10. Ne5 Rc8 11. Qa4 O-O 12. Bxc6 bxc6 13. Qxa7 c5 14. O-O cxd4 15. cxd4 Rc2 16. b3 g5 17. Bh2 Rxd2 18. Nc6 Bxh2+ 19. Kxh2 Qd6+ 20. Ne5 Ne4 21. f3 Nc3 22. Rfc1 Nb5 23. Qd7 Qxd7 24. Nxd7 Rd8 25. Nf6+ Kg7 26. Ng4 Bxg4 27. hxg4 Nxd4 28. Kg3 Ne2+ 29. Kh2 Nxc1 30. Rxc1 Rxa2 0-1

[Event "January 2 Late 2024"]
[Site "https://www.chess.com"]
[Date "2024.01.02"]
[Round "2"]
[White "Alvarado, Carlos"]
[Black "Carrillo Marval, Maria Angelica"]
[Result "1-0"]
[Board "240"]
[TimeControl "180+1"]
[WhiteFideId "3800555"]
[BlackFideId "3911853"]
[WhiteElo "2413"]
[BlackElo "1984"]
[WhiteTeam "PER"]
[BlackTeam "PAN"]
[WhiteClock "0:00:29"]
[BlackClock "0:01:21"]

1. d4 Nf6 2. Nf3 g6 3. Bg5 Bg7 4. Nbd2 O-O 5. c3 d6 6. e4 Re8 7. Be2 Nbd7 8. O-O e5 9. dxe5 Nxe5 10. Nxe5 Rxe5 11. f4 Re8 12. Bf3 h6 13. Bh4 c6 14. Kh1 Qb6 15. Nc4 Qc5 16. Nxd6 Rf8 17. e5 Nd5 18. Bxd5 cxd5 19. Be7 Qb6 20. Bxf8 Bxf8 21. Nxc8 Rxc8 22. Qb3 Qc6 23. Rad1 Rd8 24. Rf3 d4 25. Rfd3 Qe4 26. Rxd4 Rxd4 27. cxd4 Qxf4 28. Qxb7 a5 29. Qf3 Qg5 30. Rf1 Qe7 31. Qd5 a4 32. h3 Kh7 33. Rxf7+ 1-0

[Event "January 2 Late 2024"]
[Site "https://www.chess.com"]
[Date "2024.01.02"]
[Round "2"]
[White "Desideri, Ricardo Maruchi"]
[Black "Mazurkiewicz, Michal"]
[Result "0-1"]
[Board "241"]
[TimeControl "180+1"]
[WhiteFideId "2110440"]
[BlackFideId "1124943"]
[WhiteElo "1976"]
[BlackElo "2413"]
[WhiteTeam "BRA"]
[BlackTeam "POL"]
[WhiteClock "0:00:09"]
[BlackClock "0:02:20"]

1. e4 d6 2. d4 Nf6 3. Nc3 c6 4. Bg5 Nbd7 5. g4 b5 6. a3 e5 7. f3 Be7 8. Nge2 h6 9. Bh4 Nxe4 10. Bxe7 Nxc3 11. Nxc3 Qxe7 12. d5 Qh4+ 13. Ke2 O-O 14. dxc6 Nf6 15. Qxd6 e4 16. Rd1 exf3+ 17. Kd2 Qg5+ 0-1

[Event "January 2 Late 2024"]
[Site "https://www.chess.com"]
[Date "2024.01.02"]
[Round "2"]
[White "Burke, Paul"]
[Black "Filipovic, Slobodan J"]
[Result "0-1"]
[Board "242"]
[TimeControl "180+1"]
[WhiteFideId "2605767"]
[BlackFideId "939633"]
[WhiteElo "1921"]
[BlackElo "2412"]
[WhiteTeam "CAN"]
[BlackTeam "SRB"]
[WhiteClock "0:00:18"]
[BlackClock "0:01:02"]

1. e4 c5 2. Nf3 Nc6 3. d4 cxd4 4. c3 e5 5. Bc4 Nf6 6. O-O Be7 7. cxd4 d6 8. dxe5 dxe5 9. Qxd8+ Bxd8 10. Bb5 Bc7 11. Bxc6+ bxc6 12. Nc3 Bg4 13. Nd2 O-O-O 14. h3 Bh5 15. Nc4 Rd4 16. b3 Nxe4 17. Nxe4 Rxe4 18. f3 Re2 19. Rf2 Rxf2 20. Kxf2 Rd8 21. Be3 Kb7 22. Re1 f6 23. Re2 Bf7 24. Nb2 Bb6 25. Na4 Rd5 26. Nc3 Rd3 27. Bxb6 axb6 28. Rc2 Bg6 29. Ne4 c5 30. Re2 Kc6 31. Nd2 Bf7 32. Ne4 Bd5 33. Ng3 g6 34. Nf1 b5 35. Ne3 Be6 36. Nc2 b4 37. Ne3 Bd5 38. Ng4 c4 39. bxc4 Bxc4 40. Rc2 Kb5 41. Nxf6 Ra3 42. Ne4 Rxa2 43. Nd6+ Kc5 44. Ne4+ Kd4 45. Rxa2 Bxa2 46. Ke2 b3 47. Kd2 b2 48. Nc3 b1=Q 49. Nxb1 Bxb1 0-1

[Event "January 2 Late 2024"]
[Site "https://www.chess.com"]
[Date "2024.01.02"]
[Round "2"]
[White "Nandhakumar, Vaseegaran"]
[Black "Odeh, Kenneth"]
[Result "1-0"]
[Board "243"]
[TimeControl "180+1"]
[WhiteFideId "30946409"]
[BlackFideId "8500142"]
[WhiteElo "2406"]
[BlackElo "1912"]
[WhiteTeam "USA"]
[BlackTeam "NGR"]
[WhiteClock "0:00:15"]
[BlackClock "0:00:00"]

1. d4 Nf6 2. Nf3 d5 3. Bf4 g6 4. Nc3 Bg7 5. Qd2 O-O 6. Bh6 Bg4 7. Bxg7 Kxg7 8. Ne5 Be6 9. h4 h5 10. O-O-O Nc6 11. Nxc6 bxc6 12. f3 a5 13. e4 a4 14. e5 Nd7 15. g4 hxg4 16. h5 Rh8 17. Bd3 gxf3 18. hxg6 fxg6 19. Qg5 Nf8 20. Rxh8 Kxh8 21. Bxg6 Bg8 22. Rh1+ Nh7 23. Qh4 Qf8 24. Bxh7 Qg7 25. Bd3+ Bh7 26. Bxh7 1-0

[Event "January 2 Late 2024"]
[Site "https://www.chess.com"]
[Date "2024.01.02"]
[Round "2"]
[White "Thake, Conrad"]
[Black "Zeneli, Klendi"]
[Result "1-0"]
[Board "244"]
[TimeControl "180+1"]
[WhiteFideId "5602947"]
[BlackFideId "4706609"]
[WhiteElo "1877"]
[BlackElo "2403"]
[WhiteTeam "MLT"]
[BlackTeam "ALB"]
[WhiteClock "0:00:19"]
[BlackClock "0:00:39"]

1. e4 e5 2. Nf3 Nc6 3. Bc4 Nf6 4. d3 Bc5 5. O-O O-O 6. c3 d5 7. exd5 Nxd5 8. b4 Bb6 9. a4 a6 10. Qb3 Nf4 11. Qc2 Bg4 12. Be3 Bxf3 13. Bxf4 Bxg2 14. Kxg2 exf4 15. Nd2 Qg5+ 16. Kh1 Ne5 17. Rg1 Qh4 18. Rg2 f3 19. Rg3 Bxf2 20. Nxf3 Nxf3 21. Qxf2 Ng5 22. Rag1 h6 23. Qf5 Rae8 24. d4 Qe4+ 25. Qxe4 Rxe4 26. Bd3 Re7 27. h4 Ne6 28. d5 Nf4 29. Rxg7+ Kh8 30. Rh7# 1-0

[Event "January 2 Late 2024"]
[Site "https://www.chess.com"]
[Date "2024.01.02"]
[Round "2"]
[White "Awoki, Daniel Teidi"]
[Black "Vargas, Mauricio"]
[Result "1-0"]
[Board "245"]
[TimeControl "180+1"]
[WhiteFideId "2100827"]
[BlackFideId "4404572"]
[WhiteElo "2403"]
[BlackElo "1839"]
[WhiteTeam "BRA"]
[BlackTeam "COL"]
[WhiteClock "0:01:45"]
[BlackClock "0:00:00"]

1. d4 d5 2. Nf3 c6 3. g3 f5 4. Bg2 e6 5. O-O Bd6 6. b3 Nf6 7. Bb2 O-O 8. c4 Nbd7 9. Ne5 Qe8 10. Nd2 Bc7 11. f3 c5 12. e4 Bb6 13. dxc5 Bxc5+ 14. Kh1 Nxe5 15. Bxe5 Qg6 16. cxd5 exd5 17. exd5 Rd8 18. Qc2 Bb6 19. d6 Nd7 20. Nc4 Nxe5 21. Nxe5 Rxd6 22. f4 Be6 23. Rad1 Rc8 24. Qb2 Qh5 25. Rxd6 1-0

[Event "January 2 Late 2024"]
[Site "https://www.chess.com"]
[Date "2024.01.02"]
[Round "2"]
[White "Rego, Pedro Filipe"]
[Black "Anna20240"]
[Result "1-0"]
[Board "246"]
[TimeControl "180+1"]
[WhiteFideId "1904310"]
[WhiteElo "2403"]
[BlackElo "1748"]
[WhiteTeam "POR"]
[WhiteClock "0:00:29"]
[BlackClock "0:00:00"]

1. e4 c6 2. d4 d5 3. e5 c5 4. dxc5 e6 5. Nf3 Bxc5 6. Be2 Nc6 7. c3 a6 8. O-O Nge7 9. Bf4 Ng6 10. Bg3 O-O 11. Re1 Bb6 12. Nbd2 Bc7 13. Bd3 b5 14. a4 b4 15. Qe2 a5 16. c4 Ba6 17. b3 dxc4 18. Bxc4 Bxc4 19. Nxc4 Nd4 20. Nxd4 Qxd4 21. Rad1 Qc5 22. h4 Ne7 23. Nd6 Nd5 24. Qc4 Bb6 25. Qxc5 Bxc5 26. Ne4 Ba7 27. Rc1 Rac8 28. Nd6 Rxc1 29. Rxc1 Nc3 30. Rc2 Rd8 31. Kf1 Bc5 32. Rd2 f6 33. f4 fxe5 34. fxe5 Kf8 35. Rd3 Ke7 36. h5 Nd5 37. Bh4+ Kd7 38. Bxd8 Kxd8 39. Nb7+ Kc7 40. Nxc5 1-0

[Event "January 2 Late 2024"]
[Site "https://www.chess.com"]
[Date "2024.01.02"]
[Round "2"]
[White "Weinstein, Norman"]
[Black "Gulamirian, Korun"]
[Result "1-0"]
[Board "247"]
[TimeControl "180+1"]
[WhiteFideId "2000466"]
[BlackFideId "4144899"]
[WhiteElo "2402"]
[BlackElo "1602"]
[WhiteTeam "USA"]
[BlackTeam "RUS"]
[WhiteClock "0:01:17"]
[BlackClock "0:01:07"]

1. e4 e5 2. Nf3 Nc6 3. Bb5 a6 4. Ba4 Nf6 5. O-O Be7 6. d4 Nxe4 7. Re1 d5 8. dxe5 Bb4 9. c3 Bc5 10. Be3 O-O 11. Nbd2 Bxe3 12. Rxe3 Nc5 13. Bc2 g6 14. Nb3 Ne6 15. Nfd4 Qg5 16. Nxc6 bxc6 17. Nd4 Bd7 18. Qe1 c5 19. Nf3 Qe7 20. Rd1 c6 21. Qd2 c4 22. Ree1 Rab8 23. b3 cxb3 24. axb3 Qc5 25. Rc1 a5 26. Qh6 Ng7 27. Ng5 f5 28. Qxh7# 1-0

[Event "January 2 Late 2024"]
[Site "https://www.chess.com"]
[Date "2024.01.02"]
[Round "3"]
[White "Nakamura, Hikaru"]
[Black "Seemann, Jakub"]
[Result "1-0"]
[Board "1"]
[TimeControl "180+1"]
[WhiteFideId "2016192"]
[BlackFideId "21874697"]
[WhiteElo "3274"]
[BlackElo "2814"]
[WhiteTeam "USA"]
[BlackTeam "POL"]
[WhiteClock "0:02:08"]
[BlackClock "0:00:03"]

1. Nf3 d5 2. g3 Nf6 3. Bg2 e6 4. d3 Be7 5. Nbd2 O-O 6. e4 c5 7. O-O Nc6 8. Re1 b6 9. e5 Nd7 10. Nf1 Bb7 11. h4 Rc8 12. h5 h6 13. c3 Re8 14. Bh3 Bf8 15. N1h2 d4 16. c4 Ne7 17. Nh4 a6 18. Bf4 b5 19. b3 Qb6 20. N2f3 Qc6 21. Bg2 Qb6 22. g4 g5 23. hxg6 fxg6 24. g5 h5 25. Nd2 Bxg2 26. Kxg2 Nf5 27. Nxg6 Bg7 28. Ne4 Nf8 29. Nxf8 Rxf8 30. Qxh5 bxc4 31. g6 Rfd8 32. bxc4 Qc6 33. Bg5 Rd7 34. Bf6 Rb8 35. Rh1 Bh6 36. Qxh6 Nxh6 37. Rxh6 Rg7 38. Rah1 Kf8 39. Rh8+ Rg8 40. Rxg8+ Kxg8 41. Rh8# 1-0

[Event "January 2 Late 2024"]
[Site "https://www.chess.com"]
[Date "2024.01.02"]
[Round "3"]
[White "Pichot, Alan"]
[Black "Nihal Sarin"]
[Result "0-1"]
[Board "2"]
[TimeControl "180+1"]
[WhiteFideId "110973"]
[BlackFideId "25092340"]
[WhiteElo "2812"]
[BlackElo "3210"]
[WhiteTeam "ESP"]
[BlackTeam "IND"]
[WhiteClock "0:00:12"]
[BlackClock "0:00:30"]

1. e4 c5 2. Nf3 d6 3. d4 cxd4 4. Nxd4 Nf6 5. Nc3 a6 6. Bd3 Bd7 7. O-O Nc6 8. Nxc6 Bxc6 9. f4 e6 10. a4 Be7 11. a5 b5 12. axb6 Qxb6+ 13. Kh1 O-O 14. Qe2 a5 15. b3 Qb7 16. Bd2 Rfd8 17. Rae1 Re8 18. e5 Nd5 19. Ne4 Qc7 20. Qh5 g6 21. Qh6 Bf8 22. exd6 Bxh6 23. dxc7 Rec8 24. Ra1 Nb4 25. Nf6+ Kh8 26. Ng4 Bg7 27. Ne5 Rxc7 28. Bxb4 axb4 29. Rxa8+ Bxa8 30. Ra1 Bd5 31. Ra4 Bxe5 32. fxe5 Bxb3 33. Rxb4 Bxc2 34. Rc4 Ra7 0-1

[Event "January 2 Late 2024"]
[Site "https://www.chess.com"]
[Date "2024.01.02"]
[Round "3"]
[White "Vachier-Lagrave, Maxime"]
[Black "Lashkin, Jegor"]
[Result "0-1"]
[Board "3"]
[TimeControl "180+1"]
[WhiteFideId "623539"]
[BlackFideId "13907808"]
[WhiteElo "3207"]
[BlackElo "2799"]
[WhiteTeam "FRA"]
[BlackTeam "MDA"]
[WhiteClock "0:00:15"]
[BlackClock "0:00:10"]

1. e4 c5 2. Nf3 d6 3. d4 cxd4 4. Nxd4 Nf6 5. Nc3 a6 6. h4 e5 7. Nb3 Be7 8. Bg5 Be6 9. Bxf6 Bxf6 10. g3 Be7 11. Qd2 Nd7 12. O-O-O Nf6 13. f4 Rc8 14. f5 Bd7 15. Bg2 h5 16. Bf3 Qc7 17. Kb1 b5 18. a3 Qc4 19. Rhe1 b4 20. axb4 Qxb4 21. Na2 Qxd2 22. Rxd2 Rg8 23. Nb4 Rc4 24. c3 Bb5 25. Na5 Rc8 26. Be2 g6 27. Bxb5+ axb5 28. fxg6 Rxg6 29. Rd3 Rg4 30. Rde3 Kd7 31. Rf1 Ke6 32. Nac6 Nxe4 33. Kc2 Nxg3 34. Ra1 Nf5 35. Re2 Rxb4 36. Nxb4 Nd4+ 37. Kd3 Nxe2 38. Kxe2 Bxh4 39. Rh1 Rc4 40. Nc2 Re4+ 41. Kd3 f5 42. Na3 b4 43. cxb4 Rxb4 44. Nc4 Bf6 45. Rxh5 e4+ 0-1

[Event "January 2 Late 2024"]
[Site "https://www.chess.com"]
[Date "2024.01.02"]
[Round "3"]
[White "Lagarde, Maxime"]
[Black "Firouzja, Alireza"]
[Result "0-1"]
[Board "4"]
[TimeControl "180+1"]
[WhiteFideId "662399"]
[BlackFideId "12573981"]
[WhiteElo "2793"]
[BlackElo "3162"]
[WhiteTeam "FRA"]
[BlackTeam "FRA"]
[WhiteClock "0:01:07"]
[BlackClock "0:01:28"]

1. d4 Nf6 2. c4 e6 3. Nc3 Bb4 4. e3 O-O 5. Bd3 c5 6. Ne2 b6 7. O-O Bb7 8. d5 d6 9. e4 Nbd7 10. Bg5 h6 11. Bh4 Ne5 12. f4 Ng6 13. Bg3 exd5 14. cxd5 a6 15. h3 b5 16. Kh1 Re8 17. Qc2 c4 0-1

[Event "January 2 Late 2024"]
[Site "https://www.chess.com"]
[Date "2024.01.02"]
[Round "3"]
[White "Naroditsky, Daniel"]
[Black "Troff, Kayden"]
[Result "1/2-1/2"]
[Board "5"]
[TimeControl "180+1"]
[WhiteFideId "2026961"]
[BlackFideId "2047896"]
[WhiteElo "3154"]
[BlackElo "2786"]
[WhiteTeam "USA"]
[BlackTeam "USA"]
[WhiteClock "0:00:05"]
[BlackClock "0:00:13"]

1. d4 Nf6 2. Nc3 d5 3. Bf4 g6 4. e3 Bg7 5. h4 h6 6. Nf3 Bf5 7. Ne5 c6 8. g4 Be6 9. Be2 Nbd7 10. Rg1 Ne4 11. Nxe4 dxe4 12. Nxd7 Qxd7 13. Qd2 b5 14. Qa5 Qd8 15. Qxd8+ Rxd8 16. c3 O-O 17. a4 a6 18. axb5 axb5 19. Kd2 Bd5 20. g5 h5 21. Ra7 e5 22. Bxe5 Bxe5 23. dxe5 Bb3+ 24. Kc1 Rfe8 25. Bd1 Bd5 26. Bc2 Rxe5 27. b3 Be6 28. Rc7 Rc5 29. Kb2 Rd2 30. Rd1 Rxf2 31. Rd8+ Kg7 32. Rd6 Bg4 33. Rd8 Rd5 34. Rxd5 cxd5 35. Kc1 Rf1+ 36. Kd2 Rf2+ 37. Kc1 Rf1+ 38. Kd2 Rf2+ 39. Kc1 1/2-1/2

[Event "January 2 Late 2024"]
[Site "https://www.chess.com"]
[Date "2024.01.02"]
[Round "3"]
[White "Krzyzanowski, Marcin"]
[Black "Nepomniachtchi, Ian"]
[Result "0-1"]
[Board "6"]
[TimeControl "180+1"]
[WhiteFideId "1132199"]
[BlackFideId "4168119"]
[WhiteElo "2784"]
[BlackElo "3134"]
[WhiteTeam "POL"]
[BlackTeam "RUS"]
[WhiteClock "0:00:01"]
[BlackClock "0:00:38"]

1. e4 c5 2. Nf3 d6 3. d4 cxd4 4. Nxd4 Nf6 5. Nc3 a6 6. Be2 e5 7. Nb3 Be7 8. O-O O-O 9. Qd3 Be6 10. Bd2 Nbd7 11. Nd5 Bxd5 12. exd5 g6 13. c4 a5 14. a4 b6 15. Rae1 Ne8 16. Qh3 Ng7 17. f4 Qc7 18. Kh1 Rac8 19. f5 Rce8 20. Bh6 Bf6 21. Bg4 Nc5 22. Nxc5 bxc5 23. fxg6 fxg6 24. Be6+ Kh8 25. Rf3 Nxe6 26. dxe6 Bg7 27. Bg5 Rxf3 28. Qxf3 h6 29. Bd2 Rxe6 30. Qa8+ Kh7 31. Bxa5 Qf7 32. Bc3 Rf6 33. Rg1 Qxc4 34. a5 Rf7 35. a6 Qa4 36. Qd5 Rd7 37. Qe6 Qc6 38. Rd1 Qa4 39. Rg1 h5 40. h3 Ra7 41. Qxd6 Qxa6 42. Qxc5 Qa4 43. Re1 Ra6 44. Bxe5 Qh4 45. Bc3 Rf6 46. Qe3 Rf7 47. Bxg7 Rxg7 48. Qe2 Qb4 49. Qe3 Qxb2 50. Rf1 Qb5 51. Rf2 Qb4 52. Kh2 Qd6+ 53. Qf4 Qc5 54. Qf6 Re7 55. Rf3 Qc7+ 56. Qf4 Qd7 57. Qf6 Rg7 58. Qf4 Qe6 59. Re3 Qa2 60. Re5 Qc2 61. Qe4 Qc7 62. Qf4 Rf7 63. Rxh5+ gxh5 64. Qxc7 Rxc7 65. Kg3 Kg6 66. Kh4 Rc3 67. g3 Ra3 68. g4 Ra4 69. Kg3 hxg4 0-1

[Event "January 2 Late 2024"]
[Site "https://www.chess.com"]
[Date "2024.01.02"]
[Round "3"]
[White "Timmermans, Mark"]
[Black "Paravyan, David"]
[Result "0-1"]
[Board "7"]
[TimeControl "180+1"]
[WhiteFideId "1026399"]
[BlackFideId "4194985"]
[WhiteElo "2772"]
[BlackElo "3109"]
[WhiteTeam "NED"]
[BlackTeam "FID"]
[WhiteClock "0:00:17"]
[BlackClock "0:00:30"]

1. b4 e5 2. Bb2 Bxb4 3. Bxe5 Nf6 4. Nc3 Be7 5. e3 d5 6. Nf3 O-O 7. Bg3 c6 8. Be2 Bf5 9. O-O Nbd7 10. Rb1 Qc8 11. Qc1 Nh5 12. Qb2 Nxg3 13. hxg3 Rb8 14. Bd3 Bg4 15. Ne2 Nc5 16. Nf4 Bf6 17. Qa3 Nxd3 18. cxd3 a6 19. Rfc1 Qf5 20. Qd6 Bxf3 21. gxf3 Be5 22. Qe7 Bxf4 23. gxf4 Qxd3 24. Rxb7 Rxb7 25. Qxb7 Qxd2 26. Qxc6 d4 27. Rc2 Qe1+ 28. Kg2 dxe3 29. fxe3 Qxe3 30. Qxa6 Qxf4 31. a4 h5 32. Qc4 Qxc4 33. Rxc4 Ra8 34. Kg3 Ra5 35. Rb4 g6 36. Kf2 Kg7 37. Ke3 g5 38. Rb5 Rxa4 39. Rxg5+ Kh6 40. Rg8 h4 41. Kf2 Ra2+ 42. Ke3 Ra6 43. Kf4 Kh7 44. Rg1 Rf6+ 45. Ke4 Rh6 46. Kf4 Rf6+ 47. Ke4 Kh6 48. f4 Rg6 49. Rh1 Kh5 50. Kf5 Ra6 51. Rh2 Ra5+ 52. Kf6 Kg4 53. Kxf7 Kg3 54. Rh1 Rf5+ 55. Ke6 Rxf4 56. Rg1+ Kf2 57. Rg8 h3 58. Ke5 Rh4 59. Rf8+ Ke2 60. Ra8 h2 61. Ra2+ Kd3 62. Ra3+ Kc2 0-1

[Event "January 2 Late 2024"]
[Site "https://www.chess.com"]
[Date "2024.01.02"]
[Round "3"]
[White "Song, Ethan"]
[Black "Duda, Jan-Krzysztof"]
[Result "1-0"]
[Board "8"]
[TimeControl "180+1"]
[WhiteFideId "62900412"]
[BlackFideId "1170546"]
[WhiteElo "2749"]
[BlackElo "3062"]
[WhiteTeam "CAN"]
[BlackTeam "POL"]
[WhiteClock "0:00:04"]
[BlackClock "0:00:00"]

1. e4 c6 2. d4 d5 3. Nc3 dxe4 4. Nxe4 Nf6 5. Nxf6+ exf6 6. c3 Bd6 7. Bd3 O-O 8. Qc2 Re8+ 9. Ne2 h5 10. O-O h4 11. Be3 Nd7 12. Rfe1 Nf8 13. h3 Bc7 14. Qd2 Qd6 15. f4 f5 16. c4 Bd7 17. c5 Qg6 18. Nc3 Rad8 19. Qf2 Qh6 20. Rad1 Ng6 21. Rf1 Rxe3 22. Qxe3 Nxf4 23. Qf3 Be6 24. Bc2 Qf6 25. Qf2 Qg5 26. Kh1 g6 27. Bb3 Nh5 28. Bxe6 Ng3+ 29. Kg1 Nxf1 30. Bxf7+ Kxf7 31. Rxf1 Bg3 32. Qf3 Rxd4 33. Ne4 Qe7 34. Nxg3 Qxc5 35. Kh1 hxg3 36. Qxg3 Qe7 37. Qb3+ Kg7 38. Qc3 c5 39. b4 b6 40. bxc5 Qxc5 41. Qg3 Kh7 42. Re1 a5 43. Qg5 Rd7 44. Qh4+ Kg7 45. Qg5 Qd6 46. Qe3 Qf6 47. Qb3 Rd6 48. Re8 Qd4 49. Qg8+ Kh6 50. Qf8+ Kh5 51. Re7 Kg5 52. Qe8 Kf4 53. Re1 Kg3 54. Qe2 Qf2 55. Qe5+ Kh4 56. Qh8+ 1-0

[Event "January 2 Late 2024"]
[Site "https://www.chess.com"]
[Date "2024.01.02"]
[Round "3"]
[White "Oparin, Grigoriy"]
[Black "Tristan, Leonardo"]
[Result "1-0"]
[Board "9"]
[TimeControl "180+1"]
[WhiteFideId "24125890"]
[BlackFideId "113816"]
[WhiteElo "3053"]
[BlackElo "2748"]
[WhiteTeam "USA"]
[BlackTeam "ARG"]
[WhiteClock "0:01:07"]
[BlackClock "0:00:02"]

1. Nf3 d5 2. c4 e6 3. g3 Nf6 4. Bg2 Be7 5. O-O O-O 6. b3 a5 7. Nc3 c6 8. d4 b6 9. Nd2 Ba6 10. e4 b5 11. exd5 bxc4 12. dxc6 cxb3 13. Re1 Nxc6 14. Bxc6 Rc8 15. Bb5 Rxc3 16. Bxa6 Qb6 17. Bb2 Rc2 18. Bd3 Rxb2 19. Nc4 Qxd4 20. Nxb2 Qxb2 21. Qxb3 Qxb3 22. axb3 Bb4 23. Red1 g5 24. Rac1 Kg7 25. Rc6 Rd8 26. Be2 Rb8 27. Bc4 Rb7 28. Kg2 Ne4 29. Rd4 Nc5 30. h4 h6 31. h5 Kf6 32. Rc8 Bc3 33. Rd1 Bb4 34. Rh8 Kg7 35. Rdd8 Ne4 36. Rdg8+ Kf6 37. Rxh6+ Ke5 38. f3 Nd6 39. Rxg5+ Kd4 40. Rh8 Nxc4 41. bxc4 Ra7 42. h6 Bc3 43. h7 a4 44. Rd8+ Ke3 45. Rg4 a3 46. Re4# 1-0

[Event "January 2 Late 2024"]
[Site "https://www.chess.com"]
[Date "2024.01.02"]
[Round "3"]
[White "Subelj, Jan"]
[Black "Martinez Alcantara, Jose Eduardo"]
[Result "1/2-1/2"]
[Board "10"]
[TimeControl "180+1"]
[WhiteFideId "14618583"]
[BlackFideId "3805662"]
[WhiteElo "2747"]
[BlackElo "3052"]
[WhiteTeam "SLO"]
[BlackTeam "PER"]
[WhiteClock "0:00:16"]
[BlackClock "0:00:02"]

1. d4 Nf6 2. Bg5 d5 3. Bxf6 exf6 4. e3 c6 5. c4 dxc4 6. Bxc4 Bd6 7. Nc3 O-O 8. Nf3 Nd7 9. O-O f5 10. g3 Qe7 11. Re1 Nf6 12. Rc1 Be6 13. Bf1 Rad8 14. Bg2 Rfe8 15. a3 g6 16. Na4 Bc8 17. Nc5 h5 18. Nd3 Ng4 19. h4 Be6 20. Ng5 Bc8 21. Qb3 Kg7 22. Qc3 f6 23. Nh3 Be6 24. Nhf4 Bf7 25. d5 Be5 26. Nxe5 fxe5 27. dxc6 bxc6 28. Bxc6 Rc8 29. Nd3 Red8 30. f3 Rd6 31. fxg4 Rdxc6 32. Qa5 Rxc1 33. Rxc1 Rxc1+ 34. Nxc1 Qd6 35. Qc3 Qd1+ 36. Kf2 hxg4 37. Qxe5+ Kg8 38. Ne2 Qh1 39. Nf4 Qf3+ 40. Ke1 Qxg3+ 41. Kd2 Qxh4 42. Qb8+ Kh7 43. Qc7 Qf6 44. Qxa7 g5 45. Ne2 Kg6 46. Qc5 Qxb2+ 47. Kd3 Qb3+ 48. Kd2 Be6 49. Nd4 Qb2+ 50. Kd3 Qb1+ 51. Kd2 g3 52. Qd6 Qa2+ 53. Kd3 Qc4+ 54. Kd2 Qa2+ 55. Kd3 Qd5 56. Qxg3 Qc4+ 57. Kd2 Qa2+ 58. Ke1 Qxa3 59. Qe5 Bd7 60. Qd5 Qxe3+ 61. Kf1 Qe7 62. Kf2 f4 63. Nf3 Qe3+ 64. Kg2 g4 65. Ne5+ Kf6 66. Nxd7+ Ke7 67. Ne5 f3+ 68. Nxf3 gxf3+ 69. Qxf3 Qxf3+ 70. Kxf3 1/2-1/2

[Event "January 2 Late 2024"]
[Site "https://www.chess.com"]
[Date "2024.01.02"]
[Round "3"]
[White "Pranav, V"]
[Black "Thomforde-Toates, Noah"]
[Result "1-0"]
[Board "11"]
[TimeControl "180+1"]
[WhiteFideId "25060783"]
[BlackFideId "30951992"]
[WhiteElo "3039"]
[BlackElo "2746"]
[WhiteTeam "IND"]
[BlackTeam "USA"]
[WhiteClock "0:00:04"]
[BlackClock "0:00:14"]

1. e4 c5 2. Nf3 g6 3. d4 cxd4 4. Qxd4 Nf6 5. Bb5 a6 6. e5 axb5 7. exf6 Nc6 8. Qd3 e6 9. O-O Qxf6 10. Nc3 Be7 11. Bh6 Ne5 12. Nxe5 Qxe5 13. Nxb5 Ra6 14. Rfe1 Qb8 15. Qc3 f6 16. Nc7+ Kf7 17. Nxa6 bxa6 18. Rad1 d5 19. Qd3 Qb5 20. Be3 Bd7 21. b3 Rc8 22. c4 Qa5 23. cxd5 Qxa2 24. Bd4 e5 25. d6 Bd8 26. Bxe5 fxe5 27. Qd5+ Be6 28. Qb7+ Kg8 29. d7 Rc2 30. Qb8 Qa5 31. Rxe5 Kf7 32. Rxa5 Bxa5 33. d8=Q Bxd8 34. Qxd8 1-0